Cogmind - Beta 16 @@@ ROGUE MODE // 2025.10.22 @ 13:35:59 Player: Godsword Result: Destroyed by H-66 Slayer with Heavy Assault Rifle Performance ------------- Evolutions (4) 2000 Regions Visited (4) 800 Robots Destroyed (12) 60 Value Destroyed (185) 185 Prototype IDs (1) 20 Alien Tech Used (0) 0 Bonus (800) 800 TOTAL SCORE: 3865 Bonus ------- Registered with UFD 300 Met Optimus in HQ 500 Cogmind --------- Core Integrity 0/850 Matter 300/300 Energy 96/100 System Corruption 4% Temperature Cool (0) Movement Core (700) Ox13 Location -6/Factory Parts ------- > --- POWER (2) -------- (None) > --- PROPULSION (6) --- (None) > --- UTILITY (5) ------ High-capacity Storage Unit A0-MCA's Component Scanner > --- WEAPON (2) ------- (None) > --- INVENTORY (20) --- Ion Engine Deuterium Engine Fission Core Cryofiber Web Improved Heat Sink Advanced Heat Sink Small Storage Unit Energy Well (350) Matter Compressor (32) IFF Parser Improved Terrain Scanner Improved Terrain Scanner Transmission Jammer Cloaking Device Light Assault Rifle Mace Heavy Hammer Vortex Trap Vortex Trap Vortex Trap Peak State ------------ > --- POWER ------------ Light Ion Engine Light Fission Core > --- PROPULSION ------- Compact Wheel Compact Wheel Compact Wheel Compact Wheel Armored Wheel Armored Wheel > --- UTILITY ---------- High-capacity Storage Unit Improved Terrain Scanner ECM Suite A0-MCA's Component Scanner System Restoration Module > --- WEAPON ----------- Mini Grenade Launcher Great Axe > --- INVENTORY -------- Ion Engine Deuterium Engine Fission Core Cryofiber Web Improved Heat Sink Advanced Heat Sink Small Storage Unit Energy Well Matter Compressor IFF Parser Improved Terrain Scanner Improved Terrain Scanner Transmission Jammer Cloaking Device Light Assault Rifle Mace Heavy Hammer Vortex Trap Vortex Trap Vortex Trap [Rating: 43] Favorites ----------- Power Ion Engine Engine Ion Engine Power Core Light Fission Core Propulsion Compact Wheel Wheel Compact Wheel Utility Improved Terrain Scanner Device Improved Terrain Scanner Storage High-capacity Storage Unit Processor A0-MCA's Component Scanner Weapon Mini Grenade Launcher Ballistic Gun Light Assault Rifle Launcher Mini Grenade Launcher Impact Weapon Heavy Hammer Slashing Weapon Great Axe Build | -11 -10 -10 -9 -6 ------- Run | Yrd Mat Sub Scr Fac Slots Evolved 8 | . . . . 8 Power 1 | . . . . 1 Propulsion 4 | . . . . 4 Utility 3 | . . . . 3 Weapon . | . . . . . Parts Attached 23 | 7 . . 3 13 Power 4 | 1 . . . 3 Engine 2 | 1 . . . 1 Core 2 | . . . . 2 Reactor . | . . . . . Propulsion 6 | 2 . . . 4 Treads . | . . . . . Leg . | . . . . . Wheel 6 | 2 . . . 4 Hover . | . . . . . Flight . | . . . . . Utility 8 | 2 . . 1 5 Device 4 | 1 . . . 3 Storage 3 | 1 . . 1 1 Processor 1 | . . . . 1 Hackware . | . . . . . Protection . | . . . . . Artifact . | . . . . . Weapon 5 | 2 . . 2 1 Energy Gun . | . . . . . Energy Cannon . | . . . . . Ballistic Gun 2 | 2 . . . . Ballistic Cannon . | . . . . . Launcher 1 | . . . 1 . Special Weapon . | . . . . . Impact Weapon 1 | . . . 1 . Slashing Weapon 1 | . . . . 1 Piercing Weapon . | . . . . . Special Melee Weapon . | . . . . . Unidentified Prototypes . | . . . . . Parts Lost 14 | . . . . 14 Power 2 | . . . . 2 Propulsion 6 | . . . . 6 Utility 4 | . . . . 4 Weapon 2 | . . . . 2 Highest Loss Streak 14 | . . . . 14 To Critical Strikes . | . . . . . Average Backups 11 | 2 4 5 11 15 Power 1 | . 1 1 1 2 Propulsion . | . . . . . Utility 6 | . 1 2 5 10 Weapon 3 | 1 2 2 3 3 Tool/Special . | . . . . . Unused Backups 15 | 1 . . 1 13 Power 2 | 1 . . . 1 Propulsion . | . . . . . Utility 9 | . . . . 9 Weapon 4 | . . . 1 3 Tool/Special . | . . . . . Average Slot Usage (%) 96 | . 100 100 100 90 Engine 11 | . 14 14 14 7 Core 1 | . . . . 4 Wheel 29 | . 28 28 28 31 Device 14 | . 14 14 14 15 Storage 12 | . 14 14 14 10 Processor 2 | . . . . 5 Ballistic Gun 3 | . 28 28 4 . Launcher 8 | . . . 10 5 Impact Weapon 8 | . . . 12 3 Peak Build Rating 43 | 9 9 9 14 43 Average Rating 22 | 7 9 9 13 39 On Entrance 8 | . 9 9 9 14 Avg Prop Armor Cover (%) . | . . . . . Naked Turns . | . . . . . Heaviest Build 62 | 13 13 13 50 62 Greatest Support 88 | 32 32 32 32 88 Greatest Overweight (x) 15 | . . . 1 15 Average Overweight (x) . | . . . . . Largest Inventory Capacity 20 | 8 8 8 20 20 Average Capacity 17 | 7 8 8 17 20 Most Carried 20 | 4 5 5 17 20 Average Carried 14 | 2 4 5 13 18 Final Capacity 20 | 8 8 8 20 20 Final Carried 20 | 4 5 5 17 20 Class Distribution -------------------- 100% | Mutant Dominant Class ---------------- Mutant | -10/Materials Mutant | -10/Subcaves Mutant | -9/Scraptown Mutant | -6/Factory Resources | -11 -10 -10 -9 -6 ----------- Run | Yrd Mat Sub Scr Fac Matter Collected 514 | 312 . . 30 172 Remotely . | . . . . . Salvage Created 453 | 185 . . . 268 Parts 22 | 13 . . . 9 Haulers Intercepted . | . . . . . Recyclers Shooed . | . . . . . Parts Field Recycled . | . . . . . Retrieved Matter . | . . . . . Parts Self-Destructed 3 | . . 3 . . Prevented . | . . . . . Parts Restored . | . . . . . Kills | -11 -10 -10 -9 -6 ------- Run | Yrd Mat Sub Scr Fac Combat Hostiles Destroyed 1 | . . . . 1 AOE 1 | . . . . 1 Classes Destroyed 7 | 2 . . . 5 Worker 1 | . . . . 1 Builder 1 | . . . . 1 Tunneler 5 | 5 . . . . Recycler 2 | 1 . . . 1 Mechanic 1 | . . . . 1 Operator 1 | . . . . 1 Hunter 1 | . . . . 1 Best Kill Streak 3 | 3 . . . 3 Combat Bots Only 1 | . . . . 1 Max Kills in Single Turn 2 | 1 . . . 2 Gunslinging . | . . . . . Exploded 1 | . . . . 1 Melee . | . . . . . Uniques/NPCs Destroyed . | . . . . . Combat | -11 -10 -10 -9 -6 -------- Run | Yrd Mat Sub Scr Fac Hostile Shots Fired 169 | . . . . 169 Missed 41 | . . . . 41 Hits 128 | . . . . 128 Projectile 128 | . . . . 128 Critical Strikes 3 | . . . . 3 Part Disruptions 2 | . . . . 2 Damage Taken 1527 | . . . . 1527 Core 860 | . . . . 860 Absorbed by Shields 134 | . . . . 134 Core Remaining (%) 100 | 100 . . 100 . Volleys Fired 26 | 21 . . . 5 Largest 2 | 2 . . . 1 Hottest 40 | 40 . . . 30 Shots Fired 48 | 42 . . . 6 Gun 42 | 42 . . . . Cannon . | . . . . . Launcher 6 | . . . . 6 Special . | . . . . . Kinetic 42 | 42 . . . . Thermal . | . . . . . Explosive 6 | . . . . 6 Electromagnetic . | . . . . . Robot Hit Streak 10 | 10 . . . 5 Robot Miss Streak 3 | 3 . . . 2 Penetration Max . | . . . . . Secondary Targets . | . . . . . Shots Hit Robots 35 | 26 . . . 9 Core Hits 37 | 12 . . . 25 Critical Kills . | . . . . . Critical Parts Destroyed . | . . . . . Critical Strikes 1 | . . . . 1 Sever 1 | . . . . 1 Melee Attacks 11 | . . . . 11 Impact 1 | . . . . 1 Slashing 10 | . . . . 10 Piercing . | . . . . . Sneak Attacks 3 | . . . . 3 Combat Hostiles . | . . . . . Follow-up Attacks . | . . . . . Damage Inflicted 1766 | 222 . . . 1544 Guns 222 | 222 . . . . Cannons . | . . . . . Explosions 1195 | . . . . 1195 Melee 349 | . . . . 349 Ramming . | . . . . . Kinetic 222 | 222 . . . . Thermal . | . . . . . Explosive 1195 | . . . . 1195 Electromagnetic . | . . . . . Impact . | . . . . . Slashing 349 | . . . . 349 Piercing . | . . . . . Highest Corruption 4 | . . . . 4 Average Corruption 1 | . . . . 1 Corruption Purged 1 | . . . . 1 Corruption Blocked . | . . . . . Effects 3 | . . . . 3 Matter Fused 1 | . . . . 1 Data Loss (minor) 1 | . . . . 1 Misfires 1 | . . . . 1 Overload Shots . | . . . . . Overflow Damage 70 | . . . . 70 Projectiles . | . . . . . Explosions . | . . . . . Melee 70 | . . . . 70 Knockbacks . | . . . . . Impact . | . . . . . Kinetic . | . . . . . Secondary . | . . . . . Self-Inflicted Damage . | . . . . . Shots . | . . . . . Rammed . | . . . . . Targets Rammed . | . . . . . Kicked . | . . . . . Crushed . | . . . . . Highest Temperature . | . . . . . Average Temperature . | . . . . . Received Heat Transfer 42 | . . . . 42 Siege Activations . | . . . . . Martial Activations . | . . . . . Shielding Activations . | . . . . . Robots Disrupted . | . . . . . Combat Hostiles . | . . . . . Robots Corrupted . | . . . . . Combat Hostiles . | . . . . . Parts Fried . | . . . . . Impact Corruptions . | . . . . . Robots Melted . | . . . . . Combat Hostiles . | . . . . . Parts Melted . | . . . . . Heat Transferred . | . . . . . Parts Sabotaged . | . . . . . Parts Stolen . | . . . . . Parts Stripped . | . . . . . Power Chain Reactions . | . . . . . Alert | -11 -10 -10 -9 -6 ------- Run | Yrd Mat Sub Scr Fac Maximum Alert Level . | . . . . . Low Security (%) 100 | 100 100 . . 100 Level 1 . | . . . . . Level 2 . | . . . . . Level 3 . | . . . . . Level 4 . | . . . . . Level 5 . | . . . . . High Security . | . . . . . Max Security . | . . . . . Peak Influence 37 | 10 . . . 37 Initial . | . . . . . Average 2 | 1 . . . 2 Influence Increases 156 | 30 . . . 126 Destroy 0b10 Robot/C 20 | . . . . 20 Destroy 0b10 Robot/NC 55 | 30 . . . 25 Successful Hack 17 | . . . . 17 Disable Machine 15 | . . . . 15 Destroy Structure 49 | . . . . 49 Influence Decreases 156 | 30 . . . 126 Time Decay 115 | 30 . . . 85 Lost Part 38 | . . . . 38 Lost Ally 3 | . . . . 3 Squads Dispatched 4 | . . . . 4 Investigation 1 | . . . . 1 Extermination 1 | . . . . 1 Reinforcement 2 | . . . . 2 Assault . | . . . . . Garrison . | . . . . . Intercept . | . . . . . Searches Triggered . | . . . . . Construction Impeded 2 | . . . . 2 Haulers Reinforced . | . . . . . Active Scanning Responses . | . . . . . Cargo Convoy Interrupts 1 | . . . . 1 Stealth | -11 -10 -10 -9 -6 --------- Run | Yrd Mat Sub Scr Fac Distress Signals . | . . . . . Communications Jammed . | . . . . . Distress Signals . | . . . . . Times Spotted 16 | . . . . 16 Peak Tracking Total 11 | . . . . 11 Tactical Retreats 1 | . . . . 1 ECM-based Alert Blocks 1 | . . . . 1 Traps | -11 -10 -10 -9 -6 ------- Run | Yrd Mat Sub Scr Fac Traps Triggered . | . . . . . Indirectly . | . . . . . Trap Hack Attempts . | . . . . . Triggered . | . . . . . Disarmed . | . . . . . Reprogrammed . | . . . . . Reused . | . . . . . Traps Extracted . | . . . . . Installed . | . . . . . Triggered . | . . . . . Most Traps Carried 3 | . . . 3 3 Machines | -11 -10 -10 -9 -6 ---------- Run | Yrd Mat Sub Scr Fac Machines Disabled 1 | . . . . 1 Max in Single Turn 1 | . . . . 1 Machines Repaired . | . . . . . Machines Dismantled . | . . . . . Machines Sabotaged . | . . . . . Overloaded Fab Kills . | . . . . . Hacking | -11 -10 -10 -9 -6 --------- Run | Yrd Mat Sub Scr Fac Machines Accessed 4 | . . . 1 3 Terminals 2 | . . . . 2 Fabricators 1 | . . . . 1 Repair Stations . | . . . . . Recycling Units . | . . . . . Scanalyzers . | . . . . . Garrison Access . | . . . . . Total Hacks 8 | . . . 1 7 Successful 5 | . . . 1 4 Failed 3 | . . . . 3 Catastrophic . | . . . . . Database Lockouts . | . . . . . Manual . | . . . . . Terminals 5 | . . . . 5 Fabricators 2 | . . . . 2 Repair Stations . | . . . . . Recycling Units . | . . . . . Scanalyzers . | . . . . . Garrison Access . | . . . . . Terminal Hacks 4 | . . . 1 3 Record 1 | . . . 1 . Registered Components 1 | . . . . 1 Zone Layout 2 | . . . . 2 Fabricator Hacks 1 | . . . . 1 Build 1 | . . . . 1 Repair Station Hacks . | . . . . . Recycling Unit Hacks . | . . . . . Scanalyzer . | . . . . . Garrison Access Hacks . | . . . . . Unauthorized Hacks . | . . . . . Terminals . | . . . . . Fabricators . | . . . . . Repair Stations . | . . . . . Recycling Units . | . . . . . Scanalyzers . | . . . . . Garrison Access . | . . . . . Data Cores Recovered 1 | . . . . 1 Used . | . . . . . Hacking Detections 1 | . . . . 1 Full Trace Events 1 | . . . . 1 Feedback Events 1 | . . . . 1 Corruption 1 | . . . . 1 Feedback Blocked . | . . . . . Robot Schematics Acquired . | . . . . . Robots Built 1 | . . . . 1 Authchips . | . . . . . Time 134 | . . . . 134 Total Robot Build Rating 4 | . . . . 4 Part Schematics Acquired . | . . . . . Parts Built . | . . . . . Authchips . | . . . . . Time . | . . . . . Total Part Build Rating . | . . . . . Part Studies Acquired . | . . . . . Parts Repaired . | . . . . . Time . | . . . . . Parts Recycled . | . . . . . Recycled Matter . | . . . . . Retrieved Matter . | . . . . . Retrieved Components . | . . . . . Parts Scanalyzed . | . . . . . Part Schematics Acquired . | . . . . . Parts Damaged . | . . . . . Bothacking | -11 -10 -10 -9 -6 ------------ Run | Yrd Mat Sub Scr Fac Used RIF Installer . | . . . . . Robots Hacked . | . . . . . Non-combat . | . . . . . Combat . | . . . . . Robot Hacks Applied . | . . . . . Relay Couplers Released . | . . . . . Fabnet Peak Effective % . | . . . . . Robots Rewired . | . . . . . Allies Hacked . | . . . . . Hacks Repelled . | . . . . . Allies | -11 -10 -10 -9 -6 -------- Run | Yrd Mat Sub Scr Fac Total Allies 1 | . . . . 1 Largest Group 1 | . . . . 1 Highest-Rated Group 40 | . . . . 40 Highest-Rated Ally 40 | . . . . 40 Total Orders 1 | . . . . 1 GUARD 1 | . . . . 1 Ally Attacks . | . . . . . Total Damage . | . . . . . Kills . | . . . . . Allies Corrupted . | . . . . . Allies Melted . | . . . . . Intel | -11 -10 -10 -9 -6 ------- Run | Yrd Mat Sub Scr Fac Active Infowar (turns) 2082 | 93 41 50 1093 805 Terrain 2068 | 93 41 50 1093 791 Structural 3 | . . . . 3 ECM 802 | . . . . 802 Robot Analysis Total . | . . . . . Derelict Logs Recovered . | . . . . . Drone Launches . | . . . . . Drone Recoveries . | . . . . . Exploration | -11 -10 -10 -9 -6 ------------- Run | Yrd Mat Sub Scr Fac Turns Passed 2184 | 190 41 50 1093 810 Spaces Moved 1484 | 121 41 50 959 313 Core 3 | 2 . . . 1 Treads . | . . . . . Legs . | . . . . . Wheels 1481 | 119 41 50 959 312 Hover . | . . . . . Flight . | . . . . . Fastest Speed 50 | 50 100 100 100 95 Average Speed 108 | 99 100 100 112 103 Slowest Speed 800 | 100 100 100 115 800 Overloaded Moves . | . . . . . Propulsion Burnouts . | . . . . . Robots Hopped . | . . . . . Potential Cave-ins . | . . . . . Cave-ins Triggered . | . . . . . Exploration Rate (%) 20 | 5 13 5 68 11 Regions Visited 4 Branch Regions 2 Pre-discovered Areas . | . . . . . Known Exits Taken . | . . . . . Unknown Exits Taken 4 | 1 1 1 1 . Scrap Searched 4 | . . . 4 . Spaces Dug 3 | . . . . 3 Terrain Destroyed 52 | . . . . 52 Melee 3 | . . . . 3 Projectile . | . . . . . AOE 49 | . . . . 49 Terrain Rammed . | . . . . . Walls Destroyed . | . . . . . Machines Disabled . | . . . . . Actions | -11 -10 -10 -9 -6 --------- Run | Yrd Mat Sub Scr Fac Total 1993 | 154 41 50 977 771 Wait 420 | . . 1 2 417 Move 1480 | 120 40 49 958 313 Hop . | . . . . . Pick Up 27 | 5 1 . 12 9 Fast Attach 12 | 7 . . 1 4 Attach 6 | . . . . 6 Detach . | . . . . . Swap 6 | . . . 2 4 Drop 5 | 1 . . 2 2 Fire 26 | 21 . . . 5 Melee 11 | . . . . 11 Ram . | . . . . . Kick . | . . . . . Crush . | . . . . . Escape Stasis . | . . . . . Rewire . | . . . . . Trap . | . . . . . Miscellaneous . | . . . . . Route ------- -11/Scrapyard -10/Materials (discovered 2 exits: [*Min] / [*Sub]) -10/Subcaves -9/Scraptown -6/Factory (discovered 1 exit: [*Low]) History --------- Turn | Location | Event 2 | -11/Scrapyard | Met Revision 17 19 | -11/Scrapyard | Discovered new exit (range 16) 191 | -11/Scrapyard | Entered Materials 192 | -10/Materials | Met a group of wandering Federalists 207 | -10/Materials | Discovered new exit (range 12) 225 | -10/Materials | Discovered new exit (range 7) 232 | -10/Materials | Entered Subcaves 232 | -10/Subcaves | Accompanied by 3 allies 233 | -10/Subcaves | Continued accompanying wandering Federalists (5) 233 | -10/Subcaves | Approached by a straggling Scientist 282 | -10/Subcaves | Entered Scraptown 306 | -9/Scraptown | Build established: Mutant 577 | -9/Scraptown | Visited UFD Registry 577 | -9/Scraptown | Registered with UFD as "Roughforce" 615 | -9/Scraptown | Visited A0-MCA Data Center 622 | -9/Scraptown | Given a B rating by A0-MCA 624 | -9/Scraptown | Found A0-MCA's Component Scanner 649 | -9/Scraptown | Visited Observation Area 745 | -9/Scraptown | Visited Science Guys 782 | -9/Scraptown | Visited Scrap Suit Storage 800 | -9/Scraptown | Visited Abandonware Association 811 | -9/Scraptown | Visited Derelict Rescue Squad 1306 | -9/Scraptown | Met Optimus 1306 | -9/Scraptown | Accepted into 0bPrime 1372 | -9/Scraptown | Discovered new exit (range 3) 1375 | -9/Scraptown | Entered Factory 1375 | -6/Factory | Evolved 8 slots: Power x1, Propulsion x4, Utility x3 2078 | -6/Factory | Fabricated I-36 Angel (x1) 2134 | -6/Factory | Discovered new exit (range 15) 2155 | -6/Factory | Cargo convoy interrupted 2179 | -6/Factory | Core integrity fell below 50% 2184 | -6/Factory | Core integrity fell below 20% 2185 | -6/Factory | Destroyed by H-66 Slayer with Heavy Assault Rifle Last Messages --------------- 02179_ U-05 Engineer lays Concrete. 02180_ Penetrated by Slug. 02180_ ECM Suite destroyed. 02180_ Penetrated by Slug. 02180_ K-01 Serf collects debris. 02181_ U-05 Engineer lays Concrete. 02182_ K-01 Serf collects debris. 02182_ Penetrated by Slug. 02182_ U-05 Engineer lays Concrete. 02183_ Great Axe destroyed. 02183_ Penetrated by Slug. 02183_ U-05 Engineer lays Concrete. 02183_ Penetrated by Slug. 02184_ Slug penetrates H-66 Slayer. 02184_ Penetrated by Slug. 02184_ U-05 Engineer lays Concrete. 02184_ K-01 Serf collects debris. 02185_ The unstable cave ceiling collapses. 02185_ Penetrated by Slug. 02185_ K-01 Serf destroyed. Map ----- +----------------------------------------------------+ | ?????????????????????????????????????????????????? | | ?????????????????????????????????????????????????? | | ?????????????????????????????????????????????????? | | ???????????????????!?????????????????????????????? | | ?????????????????????????????????????????????????? | | ?????????????????????????????????????????????????? | | ?????????????????????????????????????????????????? | | ?????????????????????????????????????????????????? | | ?????????????????????????????????????????????????? | | ?????????????????????????????????????????????????? | | ?????????????????????????????????????????????????? | | ???????????!????????? ?????????????????????????? | | ??????????????? ?# ?????????????????????????? | | ???????????????? # ??#??????????????????????? | | ???????????????#### ##???????????????????????? | | ???????#???????## ???????????????????????? | | ??#????#???????## ???????????????????????? | | ?????????????#?## #????????#?????????????? | | ??#????????????## #??????????????????????? | | ????###???#????## < #??????????????????????? | | ???????????#???## #??????????????????????? | | ??????#???????### k #??????#???????????????? | | ??????#?????#?### u u ###????#????#??????????? | | ??#????#???????## %* h # #????????????????????? | | ???????????#???### % [% #########?????????????? | | ??#????????#???## =p=@#################??????? | | ?????????######### ixhh*= ?????? | | ?????#?????## % ix%h!%^ ?????? | | ???????????## "" *[A! ?????? | | ??????##?#?## F" ?????? | | ####?#??????# "# u ?????? | | #T ########## ""# ?????? | | # # % ??????? | | + ####### ################??????? | | # = ####### ##############????????? | | # #??#?## ##????????????????????? | | ######????## #?????????????????????? | | #??#???## #?????????????????????? | | #??????## #?????????????????????? | | = #??????## #?????????????????????? | | #????#?## k# ???? ???????????????? | | """ """ #??#??### #?????????????????????? | | """ """ #??????## #?????????????????????? | | ^ """ """ ######### #?????????????????????? | | ** # [ # #???????#?????????????? | | ^* """ """ # """ # #????? ???????????????? | | * """ """ # """"" # #?????????????????????? | | """ """ # """"" # #??!??????????????????? | | # # #??? ?????????????????? | | + """ # #?????????????????????? | +----------------------------------------------------+ Best States ------------- Heat Dissipation 37 Energy Generation 23 Energy Capacity 625 Matter Stores 300 Matter Capacity 300 Sight Range 16 Terrain Scan Range 16 Terrain Scan Density 10 ECM Strength 1 Evasion (%) 41 Item Schematics ----------------- None Robot Schematics ------------------ None Fabricated ------------ I-36 Angel | x1 | -6/Factory | Preloaded Repaired ---------- Nothing Studied --------- None Alien Tech Used ----------------- None Achievements -------------- Civilization 2243 DATA ERROR: Steam Global Achievement% Ghost 'Em Jackpot Link The Feds Maybe Next Time I'll Detach My Launcher Organ Harvest Strength In Numbers You Again Challenges ------------ None Game ------ Seed painworld Manual? 1 Play Time 00:20:11 Cumulative 21.3 hours Start 2025.10.22 @ 13:03:49 End 2025.10.22 @ 13:35:59 Sessions 1 Manual Loads 0 Difficulty Rogue Special Mode None Game No. 65 Rogue 65 Adventurer 0 Explorer 0 Win Type - Total 0 Types 0/0/0/0/0/0/0/0/0/0 Lore% 26 Gallery% 24 Achievement% 17 Wizard Run 0 Options --------- Layout 2 ASCII 0 Keyboard 0 Movement Mouse Keybinds 0 Fullscreen 2 Font 24/Smallcaps Map View 50x44 Zoom Use 0% Tactical HUD 1 Map Filters NONE Filters NONE Steam 1 RUN: 27dbb807-dacb-42a4-ad7f-7b58f3b96b2f